 Dungeon Crawl Stone Soup version 0.20.0-15-g7f486f2 (webtiles) character file.

28 Chiseanne the Firebug (level 3, 0/24 HPs)
             Began as a Barachi Fire Elementalist on June 19, 2017.
             Slain by a worm (9 damage)
             ... on level 1 of the Dungeon.
             The game lasted 00:02:45 (899 turns).

Chiseanne the Firebug (Barachi Fire Elementalist)    Turns: 899, Time: 00:02:46

Health: 0/24       AC:  2    Str:  9    XL:     3   Next: 14%
Magic:  2/7        EV: 12    Int: 16    God:
Gold:   16         SH:  0    Dex: 12    Spells: 1/7 levels left

rFire    . . .     SeeInvis .   a - +3 short sword (freeze)
rCold    . . .     Gourm    .   (no shield)
rNeg     . . .     Faith    .   k - +0 robe
rPois    .         Spirit   .   (no helmet)
rElec    .         Reflect  .   (no cloak)
rCorr    .         Harm     .   (no gloves)
MR       .....                  (no boots)
Stlth    ++........             (no amulet)
Regen    0.1/turn               (no ring)
MPRegen  0.1/turn               (no ring)

@: slow
A: +LOS, swims, slowness 1, strong legs 1
a: Hop


You were on level 1 of the Dungeon.
You were not hungry.

You visited 1 branch of the dungeon, and saw 2 of its levels.

You collected 16 gold pieces.

Inventory:

Hand Weapons
 a - a +3 short sword of freezing (weapon)
 s - a +1 dagger of electrocution
Missiles
 d - 34 arrows
 j - 25 stones (quivered)
Armour
 f - a cursed +0 ring mail
 k - a +0 robe (worn)
Jewellery
 e - an uncursed ring of protection from cold {unknown}
 i - an uncursed amulet of the gourmand {unknown}
Scrolls
 g - a scroll of recharging {unknown}
 h - a scroll of teleportation {unknown}
Books
 b - a book of Flames

   Spells                             Type                      Level
   a - Flame Tongue                   Conjuration/Fire             1
   b - Throw Flame                    Conjuration/Fire             2
   c - Conjure Flame                  Conjuration/Fire             3
   d - Inner Flame                    Hexes/Fire                   3
   e - Sticky Flame                   Conjuration/Fire             4
   f - Fireball                       Conjuration/Fire             5
Comestibles
 c - a bread ration


   Skills:
 - Level 2.1 Dodging
 - Level 1.7 Stealth
 * Level 2.9 Spellcasting
 * Level 2.0 Conjurations
 * Level 3.5 Fire Magic


You had one spell level left.
You knew the following spells:

 Your Spells              Type           Power        Failure   Level  Hunger
a - Flame Tongue          Conj/Fire      ##...        6%          1    #......
b - Throw Flame           Conj/Fire      ##....       9%          2    ##.....
c - Conjure Flame         Conj/Fire      ##......     19%         3    ###....


Dungeon Overview and Level Annotations

Branches:
Dungeon (2/15)

Altars:
Nemelex Xobeh

Portals:
Abyss: D:1***


Innate Abilities, Weirdness & Mutations

Shadows flee at your approach. (+LOS)
You can swim through water.
You cover ground slowly.
You can hop short distances.


Message History

Aim: a worm (moderately wounded)
The flame tongue hits the worm.
The worm is severely wounded.
The worm bites you!
Casting: Flame Tongue
Confirm with . or Enter, or press ? or * to list all spells.
Aiming: Flame Tongue
Press: ? - help, Shift-Dir - straight line, f/p - worm
Aim: a worm (severely wounded)
The flame tongue misses the worm.
All of the chunks of flesh in your inventory have rotted away.
Casting: Flame Tongue
Confirm with . or Enter, or press ? or * to list all spells.
Aiming: Flame Tongue
Press: ? - help, Shift-Dir - straight line, f/p - worm
Aim: a worm (severely wounded)
The flame tongue hits the worm.
The worm is almost dead.
The worm bites you!
You die...

...# ##..##.##.........## .#.#
##.##.##........... รท..#####
#.#..##.........#. #......###
#.#.##..........#.
#.##.....#######...)........)..##
#........##........###.........#
##...##.....####...# #.........#
...........### #w.## #.........##
...#####.....###@.# #..........#
..## #.###..##..# ##########.#
.## #.# ##.....####### #.. .###
#.# ##..#........# #### ...#
#.###.....######.## #... .#.#
#...>...#..#####..### #.## ##.##
#####...............###.##
##..########.#.#..#######..##..##
...................##.........###


You could see a worm.

Vanquished Creatures
  A dart slug (D:1)
  A giant cockroach (D:1)
  4 hobgoblins (D:1)
  2 jackals (D:1)
  5 kobolds (D:1)
  7 bats (D:1)
  A frilled lizard (D:1)
  2 goblins
  2 rats (D:1)
25 creatures vanquished.

Notes
Turn   | Place    | Note
-------+----------+-------------------------------------------
     0 | D:1      | Chiseanne the Barachi Fire Elementalist began the quest for the Orb.
     0 | D:1      | Reached XP level 1. HP: 13/13 MP: 3/3
   143 | D:1      | Reached XP level 2. HP: 13/19 MP: 1/5
   437 | D:1      | Learned a level 2 spell: Throw Flame
   612 | D:1      | Reached XP level 3. HP: 24/24 MP: 5/7
   727 | D:1      | Learned a level 3 spell: Conjure Flame
   884 | D:2      | Found a sparkling altar of Nemelex Xobeh.
   899 | D:1      | Slain by a worm

Skill      XL: |  1  2  3 |
---------------+----------+-----
Conjurations   | 2 |  2.0
Dodging        | |  2.1
Stealth        | |  1.7
Spellcasting   | |  2.9
Fire Magic     | |  3.5

Action                   || total
-------------------------++-------
Melee: Short sword       ||     8
 Cast: Flame Tongue      ||    40
Armor: Robe              ||     5
Dodge: Dodged            ||    18
